 Dungeon Crawl Stone Soup version 0.22.1-2-g9c5b331 (webtiles) character file.

109 joejoepie the Skirmisher (level 4, -6/40 (41) HPs)
             Began as a Ghoul Monk on Nov 14, 2018.
             Mangled by a gnoll
             ... wielding a +0 halberd
              (12 damage)
             ... on level 2 of the Dungeon.
             The game lasted 00:13:20 (1569 turns).

joejoepie the Skirmisher (Ghoul Monk)               Turns: 1569, Time: 00:13:20

HP:   -6/40 (41)    AC:  2    Str: 14    XL:     4   Next: 89%
MP:   3/3           EV: 13    Int:  5    God:
Gold: 189           SH:  0    Dex: 12    Spells: 3/3 levels left

rFire    . . .     SeeInvis .     - Unarmed
rCold    + . .     Gourm    .   (no shield)
rNeg     + + +     Faith    .   a - +0 robe
rPois    ∞         Spirit   .   (no helmet)
rElec    .         Reflect  .   (no cloak)
rCorr    .         Harm     .   (no gloves)
MR       .....                  (no boots)
Stlth    ++........             (no amulet)
HPRegen  0.00/turn              (no ring)
MPRegen  0.08/turn              (no ring)

@: rotting
A: rotting body, claws 1, carnivore, cold resistance 1, negative energy
resistance 3, inhibited regeneration, torment resistance, unbreathing
a: no special abilities


You were on level 2 of the Dungeon.
You were not hungry.

You visited 1 branch of the dungeon, and saw 3 of its levels.

You collected 189 gold pieces.

Inventory:

Hand Weapons
 p - a cursed -1 short sword
Armour
 a - a +0 robe (worn)
 l - a +0 pair of boots
Scrolls
 e - a scroll of identify
 g - a scroll of blinking
 h - a scroll of amnesia
 i - 2 scrolls of remove curse
 j - a scroll of magic mapping {unknown}
 n - a scroll of teleportation {unknown}
 q - a scroll of fear {unknown}
Potions
 c - a potion of degeneration
 d - a potion of agility {unknown}
 f - a potion of lignification {unknown}
 k - a potion of cancellation {unknown}
 o - a potion of haste {unknown}
Comestibles
 b - 3 rations
 m - 8 chunks of flesh


   Skills:
 * Level 4.4 Fighting
 + Level 1.2 Armour
 + Level 3.1 Dodging
 - Level 2.2 Stealth
 * Level 4.3 Unarmed Combat


You had 3 spell levels left.
You didn't know any spells.
Your spell library was empty.

Dungeon Overview and Level Annotations

Branches:
Dungeon (3/15)

Altars:
Trog


Innate Abilities, Weirdness & Mutations

Your body is rotting away.
You thrive on raw meat.
You are immune to poison.
You have sharp fingernails.
You are carnivorous and can eat meat at any time.
Your flesh is cold resistant. (rC+)
You are immune to negative energy. (rN+++)
You do not regenerate when monsters are visible.
You are immune to unholy pain and torment.
You can survive without breathing.


Message History

Some of the chunks of flesh in your inventory have rotted away.
The jackal closely misses you.
The jackal bites you but does no damage.
There is a stone staircase leading up here.
You scratch the jackal.
You kill the jackal!
You feel your strength returning.
The adder hisses angrily.
You scratch the jackal. Your claw misses the jackal.
The jackal is moderately wounded.
The jackal closely misses you.
The jackal bites you but does no damage.
The jackal misses you. The jackal bites you. x4
You climb upwards.
The gnoll hits you with a halberd! The gnoll hits you with a spear!
* * * LOW HITPOINT WARNING * * *
The gnoll hits you with a spear.
* * * LOW HITPOINT WARNING * * *
The gnoll hits you with a halberd!
You die...

..g.....###..# #.# #.# ###
.#.......(...###.# #.# #..
.##..g.......(##.# #.# #.. .
#........(#(##.# #.# #.. .
#.........#(.#.#####(## #.. #
#...(....()g..........## ##.
#...(.((()##...######..#######.
#...(.....(..hg#######.##....#.
#...(........h@h...# #.###.....
###.............g##### ≈.≈
##..#. .......#####.....# g≈.≈K
#..#. .).....# #.....#
gK≈(≈≈.#..#. .......# #.....#
#.≈(..≈.#..#. .......# #.....#
##((_..##..## .......# #.....#
#######...# .......# #.....#
###....# .......# #.....#
#......#


You could see 3 gnolls and 3 jackals.

Vanquished Creatures
  Jessica (D:2)
  2 adders (D:2)
  2 worms
  3 dart slugs
  6 giant cockroaches
  8 goblins
  6 hobgoblins
  4 jackals
  4 bats
  4 frilled lizards
  7 kobolds
  4 rats
51 creatures vanquished.

Notes
Turn   | Place    | Note
-------+----------+-------------------------------------------
     0 | D:1      | joejoepie the Ghoul Monk began the quest for the Orb.
     0 | D:1      | Reached XP level 1. HP: 19/19 MP: 0/0
   179 | D:1      | Reached XP level 2. HP: 19/26 MP: 1/1
   634 | D:1      | Reached XP level 3. HP: 32/33 MP: 2/2
  1163 | D:2      | Reached skill level 1 in Armour
  1245 | D:2      | Noticed Jessica
  1257 | D:2      | Reached XP level 4. HP: 38/40 MP: 3/3
  1263 | D:2      | Killed Jessica
  1276 | D:2      | Found a bloodstained altar of Trog.
  1569 | D:2      | Mangled by a gnoll

Skill      XL: |  1  2  3 |
---------------+----------+-----
Fighting       | 4 |  4.4
Dodging        | 3 |  3.1
Armour         | 1 |  1.2
Unarmed Combat | 4 |  4.3
Stealth        | |  2.2

Action                   |  1- 3 |  4- 6 || total
-------------------------+-------+-------++-------
Melee: Unarmed           |   153 |    42 ||   195
       Punch             |     1 |     2 ||     3
  Use: Scroll            |     3 |       ||     3
       Potion            |     2 |       ||     2
 Stab: Sleeping          |     1 |     2 ||     3
  Eat: Chunk             |    17 |     5 ||    22
Armor: Robe              |    24 |     8 ||    32
Dodge: Dodged            |   101 |    40 ||   141
